 Dungeon Crawl Stone Soup version 0.29-a0-973-gac7da5f7f0 (webtiles) character file.

Game seed: 5970190340462297621

1 Zeldest the Caller (level 1, -8/14 HPs)
             Began as a Meteoran Summoner on Aug 1, 2022.
             Mangled by a goblin
             ... wielding a +1 dagger of electrocution
              (15 damage)
             ... on level 1 of the Dungeon.
             The game lasted 00:00:51 (85 turns).

Zeldest the Caller (Meteoran Summoner)                Turns: 85, Time: 00:00:51

Health: -8/14      AC:  3    Str:  9    XL:     1   Next: 28%
Magic:  5/5        EV: 12    Int: 16    God:
Gold:   9          SH:  0    Dex: 14    Spells: 4/5 levels left

rFire   . . .      SeeInvis .   (no weapon)
rCold   . . .      Faith    .   (no shield)
rNeg    . . .      Spirit   .   a - +0 robe
rPois   .          Reflect  .   (no helmet)
rElec   .          Harm     .   d - +0 cloak
rCorr   .          Rampage  .   (no gloves)
Will    .....                   (no boots)
Stlth   +.........              (no amulet)
HPRegen 0.04/turn               (no ring)
MPRegen 0.09/turn               (no ring)

@: glowing
A: sense surroundings 1, otherworldly, glowing, explore regen
a: no special abilities


You were on level 1 of the Dungeon.
You visited 1 branch of the dungeon, and saw 1 of its levels.

You collected 9 gold pieces.

Inventory:

Armour
 a - a +0 robe (worn)
 d - a +0 cloak (worn)
Jewellery
 f - a ring of resist corrosion
Potions
 b - a potion of magic
 c - a potion of flight {unknown}
 e - a potion of haste {unknown}


   Skills:
 + Level 0.1 Fighting
 - Level 2.4 Dodging
 - Level 1.4 Stealth
 + Level 2.7 Spellcasting
 * Level 4.8 Summonings


You had 4 spell levels left.
You knew the following spells:

 Your Spells              Type           Power      Damage    Failure   Level
a - Summon Small Mammal   Summ           68%        N/A       2%          1

Your spell library contained the following spells:

 Spells                   Type           Power      Damage    Failure   Level
 Call Imp                 Summ           17%        N/A       4%          2
 Call Canine Familiar     Summ           17%        N/A       8%          3
 Summon Guardian Golem    Hex/Summ       10%        N/A       22%         3
 Summon Lightning Spire   Summ/Air       10%        N/A       56%         4


Dungeon Overview and Level Annotations

Branches:
Dungeon (1/15) Zot: 515

Altars:


Innate Abilities, Weirdness & Mutations

You passively map a small area around you.
You are easily found by Zot.
You glow in the dark.
You regain HP and MP as you explore.


Message History

A jackal comes into view.
Your bat hits the hobgoblin but does no damage. x2
The jackal barely misses your rat.
The jackal bites you but does no damage.
Your bat closely misses the hobgoblin.
The jackal bites your rat but does no damage.
Your bat hits the hobgoblin but does no damage.
Your rat misses the jackal. Your bat hits the goblin.
The jackal misses your rat.
Your bat misses the hobgoblin. The jackal bites you.
Your bat hits the jackal but does no damage.
Your bat hits the hobgoblin. The jackal barely misses you.
Your rat bites the jackal.
The jackal attacks as you move away! The jackal closely misses you.
The hobgoblin attacks as you move away! The hobgoblin misses you.
Your bat barely misses the goblin.
The jackal barely misses your rat. The jackal bites your rat.
Your rat dies!
Your rat's corpse disappears in a puff of smoke!
The jackal bites you. The jackal attacks as you move away!
The jackal bites you but does no damage.
The jackal attacks as you move away! The jackal closely misses you.
The jackal attacks as you move away! The jackal bites you.
Your bat hits the hobgoblin. The hobgoblin barely misses you.
Your bat barely misses the hobgoblin.
The jackal bites your bat.
Your bat misses the jackal. The jackal misses your bat.
The hobgoblin attacks as you move away! The hobgoblin hits you.
Your bat disappears in a puff of smoke!
The hobgoblin attacks as you move away!
The hobgoblin hits you but does no damage.
The goblin barely misses you.
Found a shiny orb.
The goblin attacks as you move away! The goblin closely misses you.
A hobgoblin comes into view.
The hobgoblin moves out of view.
The goblin attacks as you move away! The goblin hits you but does no damage.
You are electrocuted!
Ouch! That really hurt!
You die...

, , ........#.#####.....
* ,######............#.
* # #.#.........### , ,
* * ..#.###.......##. ,
................. , *
#........#......
.############h§§........
......[.####hh######.#..
*#@##..h## *, .....
**#.gg.### *###.# *
###..#* , .# * *#......
, # ......#..#
*#........... * *
*...#.######.. ..##.. *#
, , .. ..# ,


You could see a hobgoblin and a goblin.

Vanquished Creatures (collateral kills)
  A quokka (D:1)
1 creature vanquished.

Notes
Turn   | Place    | Note
-------+----------+-------------------------------------------
     0 | D:1      | Zeldest the Meteoran Summoner began the quest for the Orb.
     0 | D:1      | Reached XP level 1. HP: 14/14 MP: 5/5
    85 | D:1      | Mangled by a goblin

Illustrated notes

Levels and vault maps discovered:
D:1:      minmay_arrival_glassed_features, layout_rooms

Action                   || total
-------------------------++-------
 Cast: Summon Small Mamm ||     4
Armor: Robe              ||     6
Dodge: Dodged            ||    11

Table legend: (Time is in decaauts)
 A = Elapsed time spent in this place.
 B = Non-inter-level travel time spent in this place.
 C = Inter-level travel time spent in this place.
 D = Time resting spent in this place.
 E = Time spent auto-exploring this place.
 F = Levels seen in this place.
 G = Mean time per level.
                   A        B        C        D        E       F      G
               +--------+--------+--------+--------+--------+-----+--------+
         Total |     85 |     85 |      0 |      0 |      0 |   1 |   85.0 |
       Dungeon |     85 |     85 |      0 |      0 |      0 |   1 |   85.0 |
               +--------+--------+--------+--------+--------+-----+--------+

Top non-repeatable levels by time:
     D:1: 85 daAuts
